 Dungeon Crawl Stone Soup version 0.19-a0-1155-gb6eeeff (webtiles) character file.

259 HaroldButt the Cudgeler (level 6, -3/59 HPs)
             Began as an Ogre Hunter on Aug 13, 2016.
             Was an Initiate of Okawaru.
             Slain by a gnoll
             ... wielding a +0 flail of protection
              (6 damage)
             ... on level 3 of the Dungeon.
             The game lasted 00:12:35 (3472 turns).

HaroldButt the Cudgeler (Ogre Hunter)               Turns: 3472, Time: 00:12:35

Health: -3/59      AC:  3    Str: 18    XL:     6   Next: 17%
Magic:  6/6        EV: 10    Int: 10    God:    Okawaru [......]
Gold:   128        SH:  0    Dex: 12    Spells: 0 memorised, 5 levels left

rFire  . . .     SeeInvis .     t - +0 whip
rCold  . . .     Gourm    .     b - +0 robe
rNeg   . . .     Faith    .     (no shield)
rPois  .         Spirit   .     (helmet restricted)
rElec  .         Dismiss  .     (no cloak)
rCorr  .         Reflect  .     (gloves unavailable)
MR     .....     Harm     .     (boots unavailable)
Stlth  +.........               (no amulet)
                                (no ring)
                                x - ring of wizardry

@: no status effects
A: unfitting armour, tough skin 1
a: Renounce Religion


You were on level 3 of the Dungeon.
You worshipped Okawaru.
Okawaru was noncommittal.
You were hungry.

You visited 1 branch of the dungeon, and saw 4 of its levels.

You collected 128 gold pieces.


Innate Abilities, Weirdness & Mutations

You are too large for most types of armour.
You have tough skin. (AC +1)


   Skills:
 - Level 2.6 Fighting
 + Level 6.2 Maces & Flails
 - Level 5.2 Throwing
 - Level 1.7 Dodging
 - Level 0.7 Stealth


You had 5 spell levels left.
You didn't know any spells.

Inventory:

Hand Weapons
 a - a +0 short sword
 j - a +0 club
 t - a +0 whip (weapon)
Missiles
 l - 35 stones (quivered)
Armour
 b - a +0 robe (worn)
Jewellery
 x - a ring of wizardry (left hand)
Scrolls
 h - a scroll of magic mapping {unknown}
 m - a scroll of remove curse {unknown}
 n - 2 scrolls of identify {unknown}
 o - a scroll of fear {unknown}
 p - a scroll of enchant weapon {unknown}
 s - a scroll of random uselessness {unknown}
 u - a scroll of enchant armour {unknown}
 w - a scroll of immolation {unknown}
Potions
 g - a potion of curing {@q1}
 q - a potion of invisibility
Comestibles
 f - 3 bread rations
 A - a meat ration

Dungeon Overview and Level Annotations

Branches:
Dungeon (4/15)
 Temple: D:4-7

Altars:
Cheibriados
Okawaru
Pakellas

Annotations:
D:4 Waterpls's ghost, amateur DDFi

...▒......▒ ▒.......▒
...▒......▒ ▒.....(.▒
▒▒▒▒▒'▒'▒▒▒▒▒▒.......▒
........)..).........▒
▒▒▒▒▒.▒.▒▒▒▒▒▒▒▒.▒▒..▒
▒.▒.▒ ▒)▒▒▒.♣ ♣♣ ▒.♣♣♣
♣♣▒▒▒)(▒▒♣P..♣ ▒♣
♣....)...♣♣P.
♣.♣..(O...♣.♣.P
♣▒..Sg...♣♣♣♣♣▒▒▒
▒........▒..<...
▒..(..(.........
▒▒▒▒▒▒'▒.▒▒▒▒▒▒
.............▒
▒▒▒▒▒▒▒.▒.▒▒.▒ ......▒
▒ ▒▒▒▒...▒


You could see a gnoll and a ball python.


Message History

The gnoll closely misses you.
You hit the gnoll.
The gnoll is severely wounded.
The ball python barely misses you.
You hit the gnoll but do no damage.
The gnoll is severely wounded.
The ball python bites you but does no damage.
The gnoll hits you with a flail of protection!
* * * LOW HITPOINT WARNING * * *
You hit the gnoll but do no damage.
The gnoll is severely wounded.
The ball python bites you.
* * * LOW HITPOINT WARNING * * *
The gnoll hits you with a flail of protection!
* * * LOW HITPOINT WARNING * * *
You closely miss the gnoll.
The gnoll is severely wounded.
The ball python barely misses you.
You completely miss the gnoll.
The gnoll is severely wounded.
The ball python closely misses you.
The gnoll hits you with a flail of protection.
* * * LOW HITPOINT WARNING * * *
The ball python bites you but does no damage.
Found an escape hatch in the ceiling.
The ball python barely misses you.
There is an open door here.
You see here a large rock {=f}.
The gnoll hits you with a flail of protection.
You die...

Action                   |  1- 3 |  4- 6 || total
-------------------------+-------+-------++-------
Melee: Short sword       |   115 |       ||   115
       Whip              |    27 |   188 ||   215
Throw: Stone             |    38 |    16 ||    54
       Large rock        |       |     7 ||     7
       Throwing net      |       |     2 ||     2
  Use: Potion            |       |     8 ||     8
 Stab: Invisible         |       |     2 ||     2
  Eat: Chunk             |     3 |     4 ||     7
       Pizza             |       |     1 ||     1
Armor: Robe              |    60 |    29 ||    89
       Skin              |       |    11 ||    11
Dodge: Dodged            |    81 |    82 ||   163

Vault maps used:
D:1:      minmay_arrival_five_plusses, minmay_split_cup_small
D:2:      minmay_shallow_snake_nest
D:3:      gammafunk_temple_overflow_wave, serial_forest,
          infiniplex_forest_zigzag_2, infiniplex_forest_straight_4,
          infiniplex_forest_zigzag_1, infiniplex_forest_end_1,
          infiniplex_forest_straight_4, infiniplex_forest_corner_2, st_stairs_7,
          kennysheep_okawaru_gauntlet, uniq_natasha
D:4:      first_bread, uniq_edmund, uniq_purgy, uniq_eustachio

Notes
Turn   | Place    | Note
-------+----------+-------------------------------------------
     0 | D:1      | HaroldButt the Ogre Hunter began the quest for the Orb.
     0 | D:1      | Reached XP level 1. HP: 22/22 MP: 1/1
   126 | D:1      | Reached XP level 2. HP: 11/29 MP: 2/2
   930 | D:1      | Reached XP level 3. HP: 34/36 MP: 3/3
  1063 | D:1      | Reached skill level 5 in Throwing
  1707 | D:2      | Reached skill level 1 in Maces & Flails
  1865 | D:2      | Reached XP level 4. HP: 39/44 MP: 4/4
  1897 | D:2      | Reached skill level 2 in Maces & Flails
  1917 | D:2      | HP: 3/44 [jackal (3)]
  2311 | D:3      | Reached skill level 3 in Maces & Flails
  2480 | D:3      | Found an iron altar of Okawaru.
  2491 | D:3      | Became a worshipper of Warmaster Okawaru
  2539 | D:3      | Reached XP level 5. HP: 39/50 MP: 5/5
  2590 | D:3      | Noticed Natasha
  2607 | D:3      | Killed Natasha
  2607 | D:3      | Reached skill level 4 in Maces & Flails
  2724 | D:3      | Noticed Natasha
  2769 | D:4      | Noticed Waterpls's ghost (amateur DDFi)
  2783 | D:3      | Identified a potion of resistance
  2798 | D:3      | Killed Natasha
  2921 | D:3      | Found an oddly glowing altar of Pakellas.
  2921 | D:3      | Found a snail-covered altar of Cheibriados.
  2949 | D:3      | Reached skill level 5 in Maces & Flails
  2957 | D:3      | Noticed Natasha
  2988 | D:3      | Killed Natasha
  3231 | D:3      | Reached XP level 6. HP: 37/59 MP: 6/6
  3244 | D:3      | Reached skill level 6 in Maces & Flails
  3459 | D:3      | HP: 5/59 [gnoll/flail of protection (9)]
  3461 | D:3      | HP: 1/59 [gnoll/flail of protection (4)]
  3472 | D:3      | Slain by a gnoll

Vanquished Creatures
  A hound (D:3)
  Natasha (thrice) (D:3)
  6 gnolls (D:3)
  2 adders
  2 worms (D:2)
  A dart slug (D:1)
  A giant gecko (D:1)
  An orc (D:4)
  2 ball pythons (D:2)
  10 bats
  5 giant cockroaches
  7 goblins
  5 hobgoblins
  11 jackals
  4 giant newts
  6 kobolds
  4 rats
71 creatures vanquished.
